 Dungeon Crawl Stone Soup version 0.25-a0-737-g26c3a87 (webtiles) character file.

Game seed: 17550096530542184352, levelgen mode: deterministic

51 Kurtz the Skirmisher (level 3, -1/29 HPs)
             Began as a Mummy Chaos Knight on Apr 11, 2020.
             Was a Plaything of Xom.
             Splashed by a jelly's acid (6 damage)
             ... on level 3 of the Dungeon.
             The game lasted 00:01:08 (1053 turns).

Kurtz the Skirmisher (Mummy Chaos Knight)           Turns: 1053, Time: 00:01:09

Health: -1/29      AC:  2    Str: 15    XL:     3   Next: 58%
Magic:  3/3        EV:  9    Int: 11    God:    Xom [..*...]
Gold:   51         SH:  0    Dex: 12    Spells: 2/2 levels left

rFire    x . .     SeeInvis .     - Unarmed
rCold    + . .     Gourm    .   (no shield)
rNeg     + + +     Faith    .   g - +0 scale mail
rPois    ∞         Spirit   .   (no helmet)
rElec    .         Reflect  .   (no cloak)
rCorr    .         Harm     .   (no gloves)
MR       .....                  (no boots)
Stlth    ..........             (no amulet)
HPRegen  0.09/turn              c - ring of flight
MPRegen  0.08/turn              (no ring)

@: corroded
A: no food or potions, fire vulnerability, cold resistance 1, negative energy
resistance 3, torment resistance, unbreathing
a: Renounce Religion, Evoke Flight


You were on level 3 of the Dungeon.
You worshipped Xom.
You were a toy of Xom.
You were not hungry.

You visited 1 branch of the dungeon, and saw 3 of its levels.

You collected 51 gold pieces.

Inventory:

Armour
 a - a +2 leather armour
 g - a +0 scale mail (worn)
Jewellery
 c - a ring of flight (left hand)
Scrolls
 b - a scroll of enchant weapon {unknown}
 d - a scroll of remove curse {unknown}
 e - 3 scrolls of identify {unknown}
 f - a scroll of noise {unknown}


   Skills:
 + Level 3.3 Fighting
 - Level 1.5 Armour
 * Level 1.3 Dodging
 * Level 3.3 Unarmed Combat


You had 2 spell levels left.
You didn't know any spells.
Your spell library was empty.

Dungeon Overview and Level Annotations

Branches:
Dungeon (3/15)

Altars:

Annotations:
D:2 Terence


Innate Abilities, Weirdness & Mutations

You do not eat or drink.
Your flesh is vulnerable to fire.
You are immune to poison.
Your flesh is cold resistant. (rC+)
You are immune to negative energy. (rN+++)
You are immune to unholy pain and torment.
You can survive without breathing.


Message History

You are too injured to fight recklessly!
You are too injured to fight recklessly!
You are too injured to fight recklessly!
You are too injured to fight recklessly!
You are too injured to fight recklessly!
You are too injured to fight recklessly!
You are too injured to fight recklessly!
You are too injured to fight recklessly!
You are too injured to fight recklessly!
You are too injured to fight recklessly!
You are too injured to fight recklessly!
Unknown command.
You hit the jelly. The acid corrodes you!
Your hands burn!
* * * LOW HITPOINT WARNING * * *
The jelly is heavily wounded.
The jelly hits you.
* * * LOW HITPOINT WARNING * * *
You are splashed with acid.
You die...
Xom roars with laughter!

.. ... . .. #.### ##
#.. ##.##.#.# .# ....
# # ...#.#.###.#.....
#.#.#..#.#...........
#...#..#.#<.)).......
##......#..†..........
#..[..J...#.##.##.....
..####@#...##... ....
#..............# #..
###...#....#...# .
#....#.###(..#
........##...#
#.###...... #.
######## #.


You could see a jelly.

Vanquished Creatures
  An adder (D:3)
  A gnoll (D:1)
  3 dart slugs (D:1)
  An orc (D:3)
  5 bats
  A giant cockroach (D:1)
  2 hobgoblins (D:1)
  A quokka (D:3)
  2 ball pythons (D:1)
  3 frilled lizards (D:1)
  2 goblins
  3 kobolds
  3 rats
28 creatures vanquished.

Notes
Turn   | Place    | Note
-------+----------+-------------------------------------------
     0 | D:1      | Kurtz the Mummy Chaos Knight began the quest for the Orb.
     0 | D:1      | Reached XP level 1. HP: 18/18 MP: 1/1
    25 | D:1      | Reached XP level 2. HP: 16/24 MP: 2/2
    25 | D:1      | XOM: silly message
    26 | D:1      | Reached skill level 1 in Dodging
    67 | D:1      | XOM: silly message
    68 | D:1      | XOM: silly message
   436 | D:1      | Reached XP level 3. HP: 26/29 MP: 3/3
   772 | D:1      | XOM: medium Ice miscast
   856 | D:2      | Noticed Terence
  1036 | D:3      | XOM: noise
  1053 | D:3      | Splashed by a jelly's acid

Levels and vault maps discovered:
D:1:      noname_arrival_rooms_in_the_neighbourhood, layout_rooms
D:2:      layout_rooms, st_stairs_14, minmay_misc_feat_square, uniq_jessica,
          uniq_terence, uniq_crazy_yiuf_cottage, uniq_robin
D:3:      layout_basic, uniq_sigmund

Skill      XL: |  1  2 |
---------------+-------+-----
Dodging        | 1 |  1.3
Unarmed Combat | 3 |  3.3
Fighting       | |  3.3
Armour         | |  1.5

Action                   || total
-------------------------++-------
Melee: Unarmed           ||   115
       Punch             ||     1
Armor: Leather armour    ||    34
       Scale mail        ||    19
Dodge: Dodged            ||    70

Table legend:
 A = Non-vault XP
 B = Vault XP
 C = Vault XP percentage of total XP
 D = Non-vault monster count
 E = Vault monster count
 F = Vault count percentage of total count
                 A         B        C        D         E       F
            +---------+---------+-------+---------+---------+-------
      Total |      73 |       1 |   1.4 |      27 |       1 |   3.6
            +---------+---------+-------+---------+---------+-------
        D:1 |      48 |       0 |   0.0 |      20 |       0 |   0.0
        D:2 |       2 |       1 |  33.3 |       1 |       1 |  50.0
        D:3 |      23 |       0 |   0.0 |       6 |       0 |   0.0
            +---------+---------+-------+---------+---------+-------
